 Dungeon Crawl Stone Soup version 0.22-a0-469-gf26638a (webtiles) character file.

344 Mgcat the Magician (level 6, -4/32 HPs)
             Began as a Deep Elf Fire Elementalist on June 13, 2018.
             Splashed by a hobgoblin's acid (13 damage)
             ... on level 3 of the Dungeon.
             The game lasted 00:10:03 (3648 turns).

Mgcat the Magician (Deep Elf Fire Elementalist)     Turns: 3648, Time: 00:10:03

Health: -4/32      AC: -1    Str:  5    XL:     6   Next: 31%
Magic:  12/16      EV: 13    Int: 22    God:
Gold:   148        SH:  0    Dex: 15    Spells: 6/16 levels left

rFire    . . .     SeeInvis .   r - +0 hunting sling
rCold    . . .     Gourm    .   (no shield)
rNeg     . . .     Faith    .   a - +0 robe
rPois    .         Spirit   .   (no helmet)
rElec    .         Reflect  .   e - +0 cloak
rCorr    .         Harm     .   (no gloves)
MR       .....                  (no boots)
Stlth    ++........             (no amulet)
HPRegen  0.10/turn              (no ring)
MPRegen  0.15/turn              (no ring)

@: corroded
A: no striking features
a: no special abilities


You were on level 3 of the Dungeon.
You were not hungry.

You visited 1 branch of the dungeon, and saw 3 of its levels.

You collected 148 gold pieces.

Inventory:

Hand Weapons
 b - a +0 dagger
   (You took it off a goblin on level 1 of the Dungeon)
 r - a +0 hunting sling (weapon)
   (You took it off a hobgoblin on level 3 of the Dungeon)
Missiles
 s - 7 sling bullets (quivered)
Armour
 a - a +0 robe (worn)
 e - a +0 cloak (worn)
   (You found it on level 1 of the Dungeon)
 j - a +2 helmet
   (You took it off Robin on level 2 of the Dungeon)
 l - a +0 buckler
   (You found it on level 2 of the Dungeon)
Scrolls
 d - a scroll of remove curse {unknown}
 h - 3 scrolls of teleportation {unknown}
 k - a scroll of fog {unknown}
 o - a scroll of enchant armour {unknown}
 t - a scroll of identify {unknown}
Potions
 f - a potion of haste
 g - a potion of agility {unknown}
 i - a potion of mutation {unknown}
 m - a potion of curing {unknown}
 n - a potion of brilliance {unknown}
 p - a potion of ambrosia {unknown}
Comestibles
 c - 3 rations
 q - 4 chunks of flesh {@w0}


   Skills:
 - Level 2.4 Dodging
 - Level 2.4 Stealth
 + Level 5.6 Spellcasting
 + Level 4.1 Conjurations
 + Level 5.2 Fire Magic


You had 6 spell levels left.
You knew the following spells:

 Your Spells              Type           Power        Failure   Level  Hunger
a - Flame Tongue          Conj/Fire      ####.        1%          1    None
b - Throw Flame           Conj/Fire      ####..       1%          2    None
c - Conjure Flame         Conj/Fire      ####....     4%          3    ##.....
d - Sticky Flame          Conj/Fire      ####....     14%         4    ####...

Your spell library contained the following spells:

 Spells                   Type           Power        Failure   Level  Hunger
 Fireball                 Conj/Fire      ####......   36%         5    #####..
 Inner Flame              Hex/Fire       ###.....     10%         3    ##.....


Dungeon Overview and Level Annotations

Branches:
Dungeon (3/15)

Altars:
Cheibriados
Dithmenos
Fedhas
Uskayaw

Annotations:
D:3 Grinder


Message History

Some of the chunks of flesh in your inventory have rotted away.
All of the chunks of flesh in your inventory have rotted away.
You now have 148 gold pieces (gained 8).
You butcher the gnoll corpse.
q - 4 chunks of flesh {@w0}
Things that are here:
a club x2; a gnoll skeleton
Things that are here:
a club x2; a gnoll skeleton
There is a large open door here.
Key pressed, stopping explore.
There is an open door here.
s - 7 sling bullets
Items here: ( ))) a spear; a club; a mace; 2 tomahawks
Things that are here:
a club; a goblin corpse You butcher the goblin corpse.
q - 5 chunks of flesh {@w0} (gained 1)
You see here a club. x2
There is an open door here.
As you open the door, it creaks loudly!
You hear a shout!
There is an open door here.
A goblin comes into view. It is wielding a club.
Unknown command.
Casting: Flame Tongue (safe; 1% risk of failure)
Confirm with . or Enter, or press ? or * to list all spells.
Aiming: Throw Flame (safe; 1% risk of failure)
Press: ? - help, Shift-Dir - straight line, f - goblin
Aim: a goblin, wielding a club The puff of flame hits the goblin.
The goblin is heavily wounded.
Casting: Throw Flame (safe; 1% risk of failure)
Confirm with . or Enter, or press ? or * to list all spells.
Aiming: Throw Flame (safe; 1% risk of failure)
Press: ? - help, Shift-Dir - straight line, f/p - goblin
Aim: a goblin, wielding a club (heavily wounded)
The puff of flame hits the goblin.
You kill the goblin!
A kobold comes into view.
There is an open door here.
Casting: Throw Flame (safe; 1% risk of failure)
Confirm with . or Enter, or press ? or * to list all spells.
Aiming: Throw Flame (safe; 1% risk of failure)
Press: ? - help, Shift-Dir - straight line, f - kobold
Aim: a kobold (hasn't noticed you)
The puff of flame hits the kobold.
The kobold is severely wounded.
The kobold shouts!
Casting: Throw Flame (safe; 1% risk of failure)
Confirm with . or Enter, or press ? or * to list all spells.
Aiming: Throw Flame (safe; 1% risk of failure)
Press: ? - help, Shift-Dir - straight line, f/p - kobold
Aim: a kobold (severely wounded)
The puff of flame hits the kobold.
You kill the kobold!
You close the door.
You start resting.
A kobold opens the door.
It is wielding a short sword.
Casting: Throw Flame (safe; 1% risk of failure)
Confirm with . or Enter, or press ? or * to list all spells.
Aiming: Throw Flame (safe; 1% risk of failure)
Press: ? - help, Shift-Dir - straight line, f - kobold
Aim: a kobold, wielding a short sword (hasn't noticed you)
The puff of flame hits the kobold.
The kobold is severely wounded.
Casting: Throw Flame (safe; 1% risk of failure)
Confirm with . or Enter, or press ? or * to list all spells.
Aiming: Throw Flame (safe; 1% risk of failure)
Press: ? - help, Shift-Dir - straight line, f/p - kobold
Aim: a kobold, wielding a short sword (severely wounded)
The puff of flame hits the kobold.
You kill the kobold!
You start resting.
A giant cockroach comes into view.
Casting: Throw Flame (safe; 1% risk of failure)
Confirm with . or Enter, or press ? or * to list all spells.
Aiming: Flame Tongue (safe; 1% risk of failure)
Press: ? - help, Shift-Dir - straight line, f - giant cockroach
Aim: a giant cockroach The flame tongue hits the giant cockroach.
You kill the giant cockroach!
You start resting.
A hobgoblin comes into view. It is wielding a club.
The hobgoblin shouts!
You hear a shout! x3
Casting: Flame Tongue (safe; 1% risk of failure)
Confirm with . or Enter, or press ? or * to list all spells.
Aiming: Flame Tongue (safe; 1% risk of failure)
Press: ? - help, Shift-Dir - straight line, f - hobgoblin
Aim: a hobgoblin, wielding a club The flame tongue hits the hobgoblin.
You kill the hobgoblin!
You start resting.
A hobgoblin comes into view. It is wielding a club.
Some of the chunks of flesh in your inventory have rotted away.
The hobgoblin zaps a wand.
The bolt of acid hits you!
Ouch! That really hurt!
* * * LOW HITPOINT WARNING * * *
The acid corrodes you!
You are splashed with acid!
The acid burns!
You die...

≈≈≈≈≈≈≈≈≈≈≈≈≈≈≈≈≈....≈≈≈≈≈≈≈≈≈≈≈≈
≈≈≈≈≈≈≈≈≈≈≈≈≈≈≈≈≈....[≈≈≈≈≈≈≈≈≈≈≈
≈≈≈≈≈≈≈≈≈≈≈≈≈≈≈≈≈...)≈≈≈≈≈≈≈≈≈≈≈≈
##################''#############
#.)).#.......#...
#....#.).....'...
.#########....#########)..
........#......#).((.....)
...†.g..)@.....')...))....
..).....#......#..........
.#########....#########...
#....#...)...'..g
#....#.......#...
#################


You could see a hobgoblin.

Vanquished Creatures
  The ghost of gmonis the Cudgeler, an amateur MiBe of Trog (D:3)
  Robin (D:2)
  6 gnolls (D:3)
  4 adders
  An ooze (D:1)
  3 worms
  A dart slug (D:3)
  2 orcs (D:3)
  4 bats
  5 giant cockroaches
  27 goblins
  11 hobgoblins
  2 quokkas
  A ball python (D:2)
  4 frilled lizards
  6 kobolds
  3 rats
82 creatures vanquished.

Notes
Turn   | Place    | Note
-------+----------+-------------------------------------------
     0 | D:1      | Mgcat the Deep Elf Fire Elementalist began the quest for the Orb.
     0 | D:1      | Reached XP level 1. HP: 10/10 MP: 6/6
   222 | D:1      | Reached XP level 2. HP: 15/15 MP: 5/8
   226 | D:1      | Learned a level 2 spell: Throw Flame
   846 | D:2      | Noticed Robin
   970 | D:1      | Reached skill level 2 in Conjurations
   970 | D:1      | Reached XP level 3. HP: 6/19 MP: 5/10
   980 | D:1      | HP: 4/19 [poisoned by an adder]
  1452 | D:2      | Reached skill level 4 in Spellcasting
  1452 | D:2      | Reached skill level 4 in Fire Magic
  1585 | D:2      | Killed Robin
  1585 | D:2      | Reached XP level 4. HP: 18/24 MP: 2/12
  2085 | D:2      | Found a shadowy altar of Dithmenos.
  2294 | D:3      | Learned a level 3 spell: Conjure Flame
  2299 | D:3      | Learned a level 4 spell: Sticky Flame
  2343 | D:3      | Found a blossoming altar of Fedhas.
  2343 | D:3      | Found a hide-covered altar of Uskayaw.
  2343 | D:3      | Noticed Grinder
  2369 | D:3      | Found a snail-covered altar of Cheibriados.
  2521 | D:3      | Noticed gmonis's ghost (amateur MiBe)
  2537 | D:3      | Killed gmonis's ghost
  2537 | D:3      | Reached skill level 5 in Spellcasting
  2537 | D:3      | Reached skill level 3 in Conjurations
  2537 | D:3      | Reached XP level 5. HP: 27/28 MP: 1/14
  2998 | D:3      | Reached skill level 5 in Fire Magic
  3162 | D:3      | Reached XP level 6. HP: 32/32 MP: 10/16
  3361 | D:3      | Reached skill level 4 in Conjurations
  3648 | D:3      | Splashed by a hobgoblin's acid

Vault maps used:
D:1:      lemuel_arrival_broad_hall
D:2:      grunt_dithmenos_smoke_and_mirrors, minmay_liquid_box,
          kennysheep_potato, uniq_robin
D:3:      minmay_goblin_kobold_castle, kennysheep_slug_shrine,
          gammafunk_temple_overflow_statue, uniq_grinder

Skill      XL: |  1  2  3  4  5  6 |
---------------+-------------------+-----
Conjurations   | 2 3 4 |  4.1
Spellcasting   | 4 5 |  5.6
Fire Magic     | 4 5 |  5.2
Dodging        | |  2.4
Stealth        | |  2.4

Action                   |  1- 3 |  4- 6 || total
-------------------------+-------+-------++-------
Melee: Dagger            |     1 |       ||     1
 Fire: Hunting sling     |       |    10 ||    10
 Cast: Flame Tongue      |    48 |    47 ||    95
       Throw Flame       |     1 |    51 ||    52
       Conjure Flame     |       |     3 ||     3
  Use: Potion            |       |     1 ||     1
  Eat: Chunk             |     2 |     3 ||     5
       Ration            |       |     1 ||     1
Armor: Robe              |     4 |     2 ||     6
Dodge: Dodged            |    16 |    18 ||    34

Table legend:
 A = Spawn XP
 B = Non-spawn XP
 C = Spawn XP percentage of total XP
 D = Spawn monster count
 E = Non-spawn monster count
 F = Spawn count percentage of total count
 G = Total turns spent on level
                    A         B        C        D         E        F      G
               +---------+---------+-------+---------+---------+-------+---------
         Total |       0 |     492 |   0.0 |       0 |      82 |   0.0 |  3648
               +---------+---------+-------+---------+---------+-------+---------
           D:1 |       0 |      46 |   0.0 |       0 |      17 |   0.0 |  1409
           D:2 |       0 |      79 |   0.0 |       0 |      22 |   0.0 |   831
           D:3 |       0 |     367 |   0.0 |       0 |      43 |   0.0 |  1408
               +---------+---------+-------+---------+---------+-------+---------

Vault maps used:
D:1:      lemuel_arrival_broad_hall
D:2:      grunt_dithmenos_smoke_and_mirrors, minmay_liquid_box,
          kennysheep_potato, uniq_robin
D:3:      minmay_goblin_kobold_castle, kennysheep_slug_shrine,
          gammafunk_temple_overflow_statue, uniq_grinder

Table legend:
 A = Turns spent in this place as a percentage of turns spent in the entire game.
 B = Non-inter-level travel turns spent in this place as a percentage of non-inter-level travel turns spent in the entire game.
 C = Inter-level travel turns spent in this place as a percentage of turns spent in this place.
 D = Turns resting spent in this place as a percentage of non-inter-level travel turns spent in this place.
 E = Turns spent auto-exploring this place as a percentage of non-inter-level travel turns spent in this place.
 F = Non-inter-level travel turns spent in this place divided by the number of levels of this place that you've seen.
                   A       B       C       D       E      F
               +-------+-------+-------+-------+-------+----------------------
         Total | 100.0 | 100.0 |   4.3 |  24.2 |  59.8 | 1163.7
       Dungeon | 100.0 | 100.0 |   4.3 |  24.2 |  59.8 | 1163.7
               +-------+-------+-------+-------+-------+----------------------

Table legend:
 A = Kills in this place as a percentage of kills in entire the game.
 B = Kills by you in this place as a percentage of kills by you in the entire game.
 C = Kills by friends in this place as a percentage of kills by friends in the entire game.
 D = Other kills in this place as a percentage of other kills in the entire game.
 E = Experience gained in this place as a percentage of experience gained in the entire game.
 F = Experience gained in this place divided by the number of levels of this place that you have seen.
                   A       B       C       D       E      F
               +-------+-------+-------+-------+-------+----------------------
         Total | 100.0 | 100.0 |   N/A |   N/A | 100.0 | 164.0
       Dungeon | 100.0 | 100.0 |   N/A |   N/A | 100.0 | 164.0
               +-------+-------+-------+-------+-------+----------------------
